Map: [ESL] Site Delta

Players

Has - Winner!

  • Race: Protoss Protoss
  • Spawn Location: 5:00

Oriana

  • Race: Terran Terran
  • Spawn Location: 11:00

Event: ESL SC2 Masters 2023 Winter (Regional)

VOD

Have the link to the VOD?

Description

Time

  • Played on: Nov. 4, 2023, 8:52 a.m.
  • Length: 6:40

All games in this series

Show
View Real Time Build Order
Export as new Build Order

Has Protoss - Winner!

Build Orders:  

Get SALT Encoding   

  12  0:09  Pylon  
  12  0:12  Probe  
  13  0:27  Gateway  
  13  0:29  Probe (Chrono Boost)  
  14  0:35  Assimilator  
  14  0:40  Probe (Chrono Boost)  
  15  0:46  Probe  
  15  0:49  Assimilator  
  16  0:58  Probe  
  17  1:10  Probe  
  18  1:13  Cybernetics Core  
  18  1:21  Zealot  
  18  1:22  Probe  
  21  1:34  Probe, Pylon  
  23  1:53  Stargate  
  23  1:54  Adept (Chrono Boost)  
  22  1:58  Probe  
  24  2:09  Shield Battery, Warp Gate  
  24  2:11  Probe  
  25  2:18  Adept  
  27  2:41  Void Ray (Chrono Boost)  
  31  2:46  Pylon  
  32  3:09  Gateway  
  32  3:10  Gateway  
  31  3:13  Sentry  
  33  3:20  Probe  
  38  3:35  Void Ray (Chrono Boost)  
  38  3:37  Pylon  
  38  3:46  Probe  
  39  3:49  Pylon  
  39  3:58  Adept  
  41  4:14  Void Ray (Chrono Boost)  
  45  4:32  Stalker x2  
  45  4:36  Stalker  
  51  5:04  Pylon  
  51  5:09  Stalker x2  
  55  5:27  Void Ray (Chrono Boost)  
  59  5:37  Pylon  
  59  5:38  Stalker x2  
  63  5:55  Stalker  
  63  6:21  Stalker x3  
Show
View Real Time Build Order
Export as new Build Order

Oriana Terran 

Build Orders: Cyclone Opening 

Get SALT Encoding   

  12  0:00  SCV  
  13  0:12  SCV  
  14  0:17  Supply Depot  
  14  0:24  SCV  
  15  0:38  SCV  
  15  0:39  Barracks  
  16  0:43  Refinery  
  16  0:50  SCV  
  16  0:52  Refinery  
  17  1:02  SCV  
  18  1:14  SCV  
  19  1:26  Orbital Command, Reaper  
  19  1:28  Supply Depot  
  20  1:41  Factory  
  20  1:52  SCV  
  21  1:58  Barracks Reactor  
  21  2:04  SCV  
  22  2:16  Bunker  
  22  2:18  SCV  
  22  2:22  Supply Depot  
  23  2:24  Cyclone  
  25  2:30  SCV  
  25  2:35  Marine x2  
  28  2:42  SCV  
  29  2:52  Barracks  
  29  2:54  SCV, Marine x2  
  32  2:58  Cyclone  
  34  3:07  SCV  
  35  3:13  Marine x2  
  35  3:14  Supply Depot  
  37  3:30  Supply Depot x2  
  37  3:35  Marine x2  
  37  3:41  Barracks Tech Lab  
  39  3:45  Supply Depot  
  39  3:52  Cyclone, SCV  
  42  3:56  Marine x2  
  42  4:01  Stimpack, Marine  
  45  4:14  Marine x2  
  47  4:21  Marine  
  48  4:26  Cyclone  
  50  4:34  Marine x2  
  52  4:45  Marine  
  52  4:46  Command Center  
  53  4:54  Marine x2  
  53  5:07  SCV  
  53  5:08  Supply Depot  
  53  5:13  Marine x3  
  59  5:19  Factory Tech Lab  
  55  5:31  Marine  
  55  5:32  Marine  
  55  5:34  SCV  
  58  5:38  Barracks  
  58  5:41  Siege Tank  
  61  5:52  Marine  
  63  5:57  Marine  
Tags
 
Add a new tag
Caveats
  • Supply blocks, unpowered buildings, or Contaminate may cause inaccurate times.
  • Supply counts are checked every 10 seconds.